Map: Kairos Junction LE

Players

Yocto

  • Race: Zerg Zerg
  • League: Platinum
  • Spawn Location: 5:00

злойКрот - Winner!

  • Race: Protoss Protoss
  • League: Platinum
  • Spawn Location: 11:00

VOD

Have the link to the VOD?

Description

Time

  • Played on: Dec. 22, 2018, 3:23 a.m.
  • Length: 12:03
Show
View Real Time Build Order
Export as new Build Order

Yocto Zerg 

Build Orders: Hatch First 

Get SALT Encoding   

  12  0:01  Drone  
  13  0:18  Overlord  
  13  0:19  Drone  
  14  0:40  Drone x2  
  16  0:44  Drone  
  17  1:00  Hatchery  
  16  1:09  Drone  
  17  1:12  Extractor  
  17  1:15  Drone  
  16  1:42  Spawning Pool  
  15  2:30  Queen  
  15  2:32  Queen  
  15  2:36  Zergling x8  
  23  2:48  Zergling x4  
  23  2:49  Zergling x2  
  26  3:01  Metabolic Boost  
  26  3:07  Drone x2  
  28  3:17  Overlord  
  28  3:36  Overlord  
  27  4:01  Drone x5  
  27  4:02  Drone x5  
  37  4:03  Drone  
  38  4:11  Extractor  
  37  4:20  Roach Warren  
  36  4:26  Overlord  
  36  4:28  Overlord  
  36  4:33  Overlord  
  36  5:01  Roach  
  36  5:02  Roach x6  
  36  5:04  Roach  
  52  5:07  Roach  
  52  5:11  Roach  
  56  5:16  Roach  
  56  5:19  Roach  
  60  5:25  Overlord  
  60  5:48  Ravager x2  
  60  5:49  Ravager x2  
  64  5:51  Ravager  
  64  5:56  Zergling x16  
  73  6:05  Spore Crawler  
  73  6:07  Spore Crawler  
  71  6:12  Drone x4  
  71  6:15  Overlord  
  61  6:41  Zergling x10  
  61  6:42  Zergling x8  
  59  6:54  Zergling x2  
  59  6:55  Zergling x2  
  44  7:17  Lair  
  44  7:19  Drone x3  
  44  7:20  Drone  
  46  7:26  Extractor  
  46  7:28  Extractor  
  37  7:47  Drone x8  
  45  7:55  Hatchery  
  45  7:56  Drone  
  45  8:12  Queen  
  47  8:20  Queen  
  47  8:21  Hydralisk Den  
  47  8:24  Spore Crawler  
  47  8:28  Spore Crawler  
  47  8:31  Spore Crawler x2  
  44  8:35  Drone x3  
  44  8:36  Drone  
  48  8:48  Drone x5  
  51  9:05  Hydralisk  
  51  9:06  Hydralisk x6  
  65  9:15  Queen  
  65  9:19  Hydralisk x2  
  67  9:25  Spore Crawler  
  67  9:28  Hydralisk Den  
  65  9:55  Queen  
  65  9:57  Drone  
  65  9:58  Hatchery  
  65  9:59  Overlord x4  
  67  10:08  Muscular Augments  
  67  10:13  Overlord  
  67  10:16  Queen  
  69  10:30  Drone x9  
  78  10:44  Evolution Chamber x2  
  78  10:49  Queen  
  78  11:01  Hydralisk x7  
  92  11:18  Hydralisk x5  
  93  11:37  Hydralisk x4  
  93  11:38  Hydralisk x2  
Show
View Real Time Build Order
Export as new Build Order

злойКрот Protoss - Winner!

Build Orders: Carriers 

Get SALT Encoding   

  12  0:10  Probe  
  13  0:22  Probe  
  13  0:24  Pylon  
  14  0:34  Probe  
  15  0:44  Gateway  
  15  0:52  Probe  
  15  0:53  Forge  
  16  1:00  Probe  
  16  1:08  Probe  
  18  1:20  Pylon  
  18  1:26  Pylon  
  18  1:30  Pylon  
  18  1:34  Pylon  
  18  1:53  Probe  
  18  1:58  Nexus  
  18  2:06  Pylon  
  18  2:13  Probe  
  18  2:21  Probe  
  19  2:27  Cybernetics Core  
  20  2:31  Probe  
  20  2:36  Gateway  
  21  2:43  Probe  
  22  2:45  Photon Cannon  
  22  2:52  Pylon  
  22  3:01  Assimilator  
  22  3:05  Assimilator  
  22  3:16  Probe  
  22  3:17  Probe  
  24  3:24  Probe  
  24  3:25  Probe  
  24  3:32  Probe  
  24  3:33  Probe  
  28  3:41  Photon Cannon  
  28  3:43  Probe  
  28  3:44  Probe  
  30  3:53  Shield Battery  
  30  3:55  Probe, Shield Battery  
  30  3:56  Probe  
  32  4:05  Probe, Pylon  
  32  4:06  Probe  
  34  4:13  Probe  
  34  4:14  Probe  
  34  4:22  Probe  
  34  4:23  Probe  
  36  4:24  Stargate  
  36  4:27  Stargate  
  36  4:31  Probe  
  38  4:34  Probe  
  40  4:39  Probe  
  41  4:46  Probe  
  41  4:49  Protoss Air Weapons Level 1  
  41  4:52  Assimilator  
  42  4:54  Assimilator  
  42  4:58  Probe  
  42  4:59  Probe  
  44  5:10  Probe  
  44  5:11  Oracle, Probe, Photon Cannon, Pylon  
  46  5:17  Void Ray  
  46  5:18  Shield Battery  
  53  5:37  Pylon  
  53  5:43  Photon Cannon  
  53  5:45  Photon Cannon  
  53  5:46  Shield Battery  
  53  5:57  Void Ray  
  57  6:04  Photon Cannon  
  57  6:08  Shield Battery  
  57  6:21  Pylon  
  57  6:24  Fleet Beacon  
  57  6:25  Stargate  
  57  6:53  Photon Cannon  
  56  6:54  Photon Cannon  
  56  6:56  Void Ray x2, Photon Cannon  
  56  7:01  Pylon  
  46  7:07  Gateway  
  43  7:10  Pylon  
  43  7:24  Pylon  
  43  7:34  Gateway  
  43  7:38  Photon Cannon  
  43  7:40  Shield Battery  
  43  7:44  Probe x2  
  45  7:52  Probe x2  
  47  8:01  Probe x2  
  49  8:09  Probe x2  
  49  8:17  Probe x2  
  59  8:27  Carrier, Probe  
  59  8:28  Probe  
  61  8:39  Probe  
  61  8:40  Probe  
  63  8:46  Carrier  
  69  9:13  Carrier  
  69  9:21  Carrier  
  77  9:40  Carrier  
  83  9:57  Pylon  
  83  9:59  Pylon  
  83  10:07  Pylon  
  83  10:13  Probe  
  83  10:14  Shield Battery  
  83  10:15  Carrier  
  83  10:17  Probe  
  83  10:21  Probe  
  92  10:29  Probe  
  92  10:31  Probe  
  92  10:33  Pylon  
  92  10:34  Pylon  
  94  10:51  Probe  
  95  11:00  Photon Cannon  
  95  11:02  Shield Battery  
Tags
 
Composition
Carriers
Matchup
PvZ
Replay Pack
Yocto
Spawn Locations
Cross Positions
Add a new tag
Caveats
  • Supply blocks, unpowered buildings, or Contaminate may cause inaccurate times.
  • Supply counts are checked every 10 seconds.